 Dungeon Crawl Stone Soup version 0.25-a0-62-g88673ef095 (webtiles) character file.

Game seed: 15898917989552301201, levelgen mode: deterministic

111 BryzzWind the Poker (level 4, 0/38 HPs)
             Began as a Centaur Gladiator on Oct 30, 2019.
             Succumbed to an adder's poison
             ... on level 2 of the Dungeon.
             The game lasted 00:04:08 (1058 turns).

BryzzWind the Poker (Centaur Gladiator)             Turns: 1058, Time: 00:04:08

Health: 0/38       AC:  5    Str: 18    XL:     4   Next: 62%
Magic:  4/4        EV: 10    Int:  7    God:
Gold:   53         SH:  0    Dex: 10    Spells: 3/3 levels left

rFire    . . .     SeeInvis .   a - +0 trident
rCold    . . .     Gourm    .   (no shield)
rNeg     . . .     Faith    .   b - +0 leather armour
rPois    .         Spirit   .   c - +0 helmet
rElec    .         Reflect  .   (no cloak)
rCorr    .         Harm     .   (no gloves)
MR       .....                  (no barding)
Stlth    +.........             (no amulet)
HPRegen  0.12/turn              (no ring)
MPRegen  0.09/turn              (no ring)

@: lethally poisoned (0 -> -6), flying, very quick
A: large, hooves 3, deformed body, speed 2, tough skin 3
a: no special abilities


You were on level 2 of the Dungeon.
You were not hungry.

You visited 1 branch of the dungeon, and saw 2 of its levels.

You collected 53 gold pieces.

Inventory:

Hand Weapons
 a - a +0 trident (weapon)
Missiles
 d - 3 throwing nets (quivered)
 l - 7 arrows
Armour
 b - a +0 leather armour (worn)
 c - a +0 helmet (worn)
 g - a +0 chain mail
 m - a +0 scale mail
Scrolls
 e - a scroll of amnesia {unknown}
 h - a scroll of remove curse {unknown}
 i - 2 scrolls of magic mapping {unknown}
 j - 5 scrolls of teleportation {unknown}
 k - a scroll of enchant armour {unknown}
Comestibles
 f - 6 rations


   Skills:
 + Level 3.0 Fighting
 * Level 4.0 Polearms
 - Level 2.1 Throwing
 + Level 2.7 Dodging


You had 3 spell levels left.
You didn't know any spells.
Your spell library was empty.

Dungeon Overview and Level Annotations

Branches:
Dungeon (2/15)

Altars:


Innate Abilities, Weirdness & Mutations

You have hooves in place of feet.
Armour fits poorly on your strangely shaped body.
You cover ground very quickly.
You have extremely tough skin. (AC +3)


Message History

* * * LOW HITPOINT WARNING * * *
You feel sick.
There is a lethal amount of poison in your body!
There is a lethal amount of poison in your body!
There is a lethal amount of poison in your body!
There is a lethal amount of poison in your body!
There is a lethal amount of poison in your body!
There is a lethal amount of poison in your body!
There is a lethal amount of poison in your body!
There is a lethal amount of poison in your body!
There is a lethal amount of poison in your body!
There is a lethal amount of poison in your body!
There is a lethal amount of poison in your body!
There is a lethal amount of poison in your body!
There is a lethal amount of poison in your body!
There is a lethal amount of poison in your body!
There is a lethal amount of poison in your body!
You are too injured to fight recklessly!
You are too injured to fight recklessly!
You die...

#(#####.####...####. #.#
..##.......#. #..#
#.##...8...#† #.##
###.##..8.8..#.
#.#####......8._.8...
####.............8.8(.##
......###.........8.....
#<...#....#.#........#
#.@..###.....#..###
#...## ###..##.## #..†#
#..#.)# #...# ###.....##
#...####........##
#.##........#####..#
#...†...##.......#.##
#......#########.#..#
#.....## #.....


There were no monsters in sight!

Vanquished Creatures
  A hound (D:2)
  3 adders (D:2)
  2 worms (D:2)
  A dart slug (D:2)
  3 leopard geckos
  3 bats
  4 giant cockroaches
  8 goblins
  A hobgoblin (D:1)
  3 jackals (D:1)
  A quokka (D:2)
  A ball python (D:2)
  2 frilled lizards (D:2)
  7 kobolds
  7 rats
47 creatures vanquished.

Notes
Turn   | Place    | Note
-------+----------+-------------------------------------------
     0 | D:1      | BryzzWind the Centaur Gladiator began the quest for the
                  | Orb.
     0 | D:1      | Reached XP level 1. HP: 17/17 MP: 1/1
   167 | D:1      | Reached skill level 3 in Polearms
   183 | D:1      | Reached XP level 2. HP: 14/24 MP: 2/2
   630 | D:1      | Reached XP level 3. HP: 30/30 MP: 3/3
   893 | D:2      | Found a faded altar of an unknown god.
   985 | D:2      | Reached XP level 4. HP: 37/37 MP: 4/4
  1050 | D:2      | Reached skill level 4 in Polearms
  1053 | D:2      | HP: 1/38 [poisoned by an adder]
  1058 | D:2      | Succumbed to an adder's poison

Levels and vault maps discovered:
D:1:      dpeg_arrival_simpleton_a, layout_basic, hex_medium
D:2:      layout_rooms, first_ration, chequers_ecumenical_altar_simple_redux

Skill      XL: |  1  2  3  4 |
---------------+-------------+-----
Polearms       | 3 4 |  4.0
Fighting       | 3 |  3.0
Throwing       | |  2.1
Dodging        | |  2.7

Action                   |  1- 3 |  4- 6 || total
-------------------------+-------+-------++-------
Melee: Trident           |   115 |    30 ||   145
       Kick              |    10 |     2 ||    12
  Use: Potion            |       |     1 ||     1
Armor: Leather armour    |    22 |    10 ||    32
Dodge: Dodged            |    31 |    19 ||    50

Table legend:
 A = Non-vault XP
 B = Vault XP
 C = Vault XP percentage of total XP
 D = Non-vault monster count
 E = Vault monster count
 F = Vault count percentage of total count
                 A         B        C        D         E       F
            +---------+---------+-------+---------+---------+-------
      Total |     159 |       0 |   0.0 |      47 |       0 |   0.0
            +---------+---------+-------+---------+---------+-------
        D:1 |      42 |       0 |   0.0 |      23 |       0 |   0.0
        D:2 |     117 |       0 |   0.0 |      24 |       0 |   0.0
            +---------+---------+-------+---------+---------+-------
